 Dungeon Crawl Stone Soup version 0.29-a0-870-g2c972031a6 (webtiles) character file.

Game seed: 7484022464808738273

2 Daunt the Grasshopper (level 1, 0/17 HPs)
             Began as a Barachi Warper on July 17, 2022.
             Slain by a bat (1 damage)
             ... on level 1 of the Dungeon.
             The game lasted 00:01:23 (104 turns).

Daunt the Grasshopper (Barachi Warper)               Turns: 104, Time: 00:01:24

Health: 0/17       AC:  3    Str: 12    XL:     1   Next: 40%
Magic:  3/3        EV: 11    Int: 13    God:
Gold:   14         SH:  0    Dex: 11    Spells: 4/4 levels left

rFire   . . .      SeeInvis .     - Unarmed
rCold   . . .      Faith    .   (no shield)
rNeg    . . .      Spirit   .   a - +0 leather armour
rPois   .          Reflect  .   (no helmet)
rElec   .          Harm     .   (no cloak)
rCorr   .          Rampage  .   (no gloves)
Will    .....                   (no boots)
Stlth   +.........              (no amulet)
HPRegen 0.05/turn               (no ring)
MPRegen 0.08/turn               (no ring)

@: slow
A: amphibious, slowness 1, strong legs 1, +LOS
a: Hop


You were on level 1 of the Dungeon.
You visited 1 branch of the dungeon, and saw 1 of its levels.

You collected 14 gold pieces.

Inventory:

Missiles
 c - 7 boomerangs of dispersal
 e - 3 stones (quivered)
Armour
 a - a +0 leather armour (worn)
Scrolls
 f - a scroll of identify {unknown}
Potions
 d - a potion of might {unknown}


   Skills:
 - Level 2.4 Fighting
 - Level 1.0 Throwing
 - Level 1.2 Armour
 - Level 2.1 Dodging
 + Level 2.5 Unarmed Combat
 - Level 2.1 Spellcasting
 - Level 3.2 Translocations


You had 4 spell levels left.
You didn't know any spells.
Your spell library contained the following spells:

 Spells                   Type           Power      Damage    Failure   Level
 Blink                    Tloc           18%        N/A       12%         2
 Gell's Gravitas          Tloc           9%         N/A       24%         3
 Lesser Beckoning         Tloc           9%         N/A       24%         3
 Teleport Other           Tloc           9%         N/A       24%         3
 Manifold Assault         Tloc           9%         N/A       92%         5


Dungeon Overview and Level Annotations

Branches:
Dungeon (1/15)

Altars:


Innate Abilities, Weirdness & Mutations

You are amphibious.
You cover ground slowly.
You can hop short distances.
You have an extended range of vision and can be seen from far away.


Message History

The endoplasm hits you but does no damage.
You hit the endoplasm.
The endoplasm is severely wounded.
The bat barely misses you. The endoplasm freezes you.
You are frozen.
You hit the bat.
The bat is moderately wounded.
The bat barely misses you. The endoplasm freezes you.
You are frozen.
* * * LOW HITPOINT WARNING * * *
A goblin comes into view. It is wielding a +0 dagger.
Unknown command.
You completely miss the endoplasm.
The endoplasm is severely wounded.
The goblin shouts!
You hear a shout!
The bat barely misses you. The endoplasm closely misses you.
You hit the endoplasm.
The endoplasm is almost dead.
The bat closely misses you.
You barely miss the bat.
The bat is moderately wounded.
The bat hits you.
* * * LOW HITPOINT WARNING * * *
The endoplasm freezes you.
You are frozen.
* * * LOW HITPOINT WARNING * * *
Unknown command.
Unknown command.
Blink to where?
Press: ? - help, Dir - move target, p - goblin
As you read the scroll of blinking, it crumbles to dust.
The bat hits you.
* * * LOW HITPOINT WARNING * * *
You barely miss the bat. The bat hits you but does no damage.
The endoplasm jiggles.
You hit the bat but do no damage. The bat closely misses you. The bat hits you.
You die...

#####....##.......#...#######
.............................
............................
######...######...######...######
#....#...#....#...# #...# ..#
#.<..#...#.÷..#...# #...# ÷.#
#....##'##....##'## ##'## ..#
##'###...##'###...###+##...###)#
#...'...'....'.@.+ ...+...'...#
###.##..#.#####b## #.######.###
#.##..#..####..###.###.##.#
#...##..#.#..........##...# ##..
.##...........#.....##
#.#......#.#..#.#......##
###.##....##.J.....#.###
####......#....##.##
#.##........###


You could see an endoplasm and a bat.

Vanquished Creatures
  A kobold (D:1)
  2 rats (D:1)
3 creatures vanquished.

Notes
Turn   | Place    | Note
-------+----------+-------------------------------------------
     0 | D:1      | Daunt the Barachi Warper began the quest for the Orb.
     0 | D:1      | Reached XP level 1. HP: 17/17 MP: 3/3
   104 | D:1      | Slain by a bat

Illustrated notes

Levels and vault maps discovered:
D:1:      arrival_zaba_pyramid, layout_basic, hangedman_decor_growths,
          minmay_pentomino_s4

Action                   || total
-------------------------++-------
Melee: Unarmed           ||    20
       Punch             ||     1
Throw: Stone             ||     4
  Use: Scroll            ||     1
Armor: Leather armour    ||     6
Dodge: Dodged            ||    14

Table legend: (Time is in decaauts)
 A = Elapsed time spent in this place.
 B = Non-inter-level travel time spent in this place.
 C = Inter-level travel time spent in this place.
 D = Time resting spent in this place.
 E = Time spent auto-exploring this place.
 F = Levels seen in this place.
 G = Mean time per level.
                   A        B        C        D        E       F      G
               +--------+--------+--------+--------+--------+-----+--------+
         Total |    116 |    116 |      0 |      0 |      0 |   1 |  116.0 |
       Dungeon |    116 |    116 |      0 |      0 |      0 |   1 |  116.0 |
               +--------+--------+--------+--------+--------+-----+--------+

Top non-repeatable levels by time:
     D:1: 116 daAuts
